 Dungeon Crawl Stone Soup version 0.23.1 (webtiles) character file.

Game seed: 17274602472311043565

151 Norn the Poker (level 5, 0/41 HPs)
             Began as a Merfolk Skald on Mar 7, 2019.
             Slain by an orc
             ... wielding a +0 dagger
              (2 damage)
             ... on level 2 of the Dungeon.
             The game lasted 00:04:42 (2716 turns).

Norn the Poker (Merfolk Skald)                      Turns: 2716, Time: 00:04:43

Health: 0/41       AC:  6    Str: 13    XL:     5   Next: 33%
Magic:  8/8        EV: 10    Int: 12    God:
Gold:   128        SH:  0    Dex: 13    Spells: 2/8 levels left

rFire    . . .     SeeInvis .   a - +0 spear
rCold    . . .     Gourm    .   (no shield)
rNeg     . . .     Faith    .   c - +0 scale mail
rPois    .         Spirit   .   (no helmet)
rElec    .         Reflect  .   (no cloak)
rCorr    .         Harm     .   (no gloves)
MR       .....                  (no boots)
Stlth    ..........             (no amulet)
HPRegen  0.13/turn              (no ring)
MPRegen  0.11/turn              (no ring)

@: no status effects
A: change form in water, swift swim, stealthy swim
a: no special abilities


You were on level 2 of the Dungeon.
You were not hungry.

You visited 1 branch of the dungeon, and saw 3 of its levels.

You collected 128 gold pieces.

Inventory:

Hand Weapons
 a - a +0 spear (weapon)
 m - a +1 spear of freezing
   (You found it on level 2 of the Dungeon)
Armour
 b - a +0 leather armour
 c - a +0 scale mail (worn)
   (You found it on level 1 of the Dungeon)
 l - a +0 cloak
   (You found it on level 2 of the Dungeon)
Jewellery
 h - an uncursed amulet of faith {unknown}
   (You found it on level 1 of the Dungeon)
 k - a +5 ring of intelligence {unknown}
   (You found it on level 2 of the Dungeon)
Scrolls
 d - a scroll of identify {unknown}
 f - a scroll of enchant weapon {unknown}
 g - a scroll of immolation {unknown}
 j - a scroll of magic mapping {unknown}
Comestibles
 e - 5 rations {!d}
 n - 5 chunks of flesh


   Skills:
 + Level 3.3 Fighting
 * Level 5.9 Polearms
 - Level 0.6 Armour
 + Level 4.2 Dodging
 - Level 2.0 Spellcasting
 - Level 3.2 Charms


You had 2 spell levels left.
You knew the following spells:

 Your Spells              Type           Power        Failure   Level  Hunger
a - Infusion              Chrm           #...         34%         1    ##.....
t - Spectral Weapon       Hex/Chrm       #.......     90%         3    ####...
w - Song of Slaying       Chrm           #.......     45%         2    ###....

Your spell library contained the following spells:

 Spells                   Type           Power        Failure   Level  Hunger
 Shroud of Golubria       Chrm/Tloc      #.........   71%         2    ###....
 Regeneration             Chrm/Necr      #.........   90%         3    ####...


Dungeon Overview and Level Annotations

Branches:
Dungeon (3/15)

Altars:
Gozag
Sif Muna


Message History

Things that are here:
a +0 war axe; a +0 leather armour; an orc skeleton
There is a stone staircase leading down here.
You climb downwards.
The orc hits you with a +0 dagger.
The orc closely misses you. x2; The orc hits you with a +0 dagger.
There is a stone staircase leading up here.
The orc hits you with a +0 war axe. The orc hits you but does no damage.
The orc hits you with a +0 dagger.
You climb upwards.
There is a stone staircase leading down here.
You closely miss the orc. The orc misses you. The orc completely misses you.
You closely miss the orc. You completely miss the orc.
The orc hits you with a +0 war axe. The orc hits you with a +0 dagger.
You hit the orc but do no damage. The orc closely misses you.
The orc hits you with a +0 war axe.
* * * LOW HITPOINT WARNING * * *
You hit the orc but do no damage. The orc closely misses you.
You hit the orc but do no damage. The orc hits you but does no damage.
The orc closely misses you.
You hit the orc but do no damage. The orc completely misses you.
You hit the orc. The orc hits you but does no damage.
You completely miss the orc. The orc hits you with a +0 war axe.
* * * LOW HITPOINT WARNING * * *
The orc hits you but does no damage.
You hit the orc but do no damage. The orc barely misses you.
The orc hits you but does no damage.
You hit the orc but do no damage. The orc hits you but does no damage.
You hit the orc but do no damage. The orc barely misses you.
You hit the orc. The orc hits you but does no damage.
The orc completely misses you.
You hit the orc but do no damage. The orc hits you with a +0 dagger.
* * * LOW HITPOINT WARNING * * *
You hit the orc but do no damage. The orc barely misses you.
The orc hits you but does no damage.
You hit the orc but do no damage. The orc hits you but does no damage.
The orc barely misses you.
You hit the orc but do no damage. The orc closely misses you.
The orc hits you but does no damage.
You hit the orc but do no damage. You closely miss the orc.
The orc barely misses you. The orc hits you with a +0 war axe!
* * * LOW HITPOINT WARNING * * *
Okay, then.
It was a potion of curing.
You feel better. The orc hits you with a +0 dagger.
* * * LOW HITPOINT WARNING * * *
The orc hits you with a +0 war axe.
* * * LOW HITPOINT WARNING * * *
The orc hits you with a +0 dagger.
You die...

#######.....##.# #
#......##.#
##......##.#######
#.................
##......##########
######## # #########
##########........
#@o...............
#o########.#######
#o..######.#######
#.................
######...............
#.......#####.#######
#.......# #.# #
#.......# #.#######
######..#####.##.....


You could see 3 orcs.

Vanquished Creatures
  A phantom (D:2)
  An adder (D:2)
  An ooze (D:1)
  4 dart slugs
  4 leopard geckos
  An orc (D:2)
  2 giant cockroaches (D:2)
  2 goblins
  7 hobgoblins
  3 jackals (D:1)
  A quokka (D:2)
  3 bats
  A frilled lizard (D:1)
  3 kobolds
  2 rats
36 creatures vanquished.

Notes
Turn   | Place    | Note
-------+----------+-------------------------------------------
     0 | D:1      | Norn the Merfolk Skald began the quest for the Orb.
     0 | D:1      | Reached XP level 1. HP: 16/16 MP: 3/3
   193 | D:1      | Reached XP level 2. HP: 22/23 MP: 5/5
   313 | D:1      | Learned a level 2 spell: Song of Slaying
   389 | D:1      | Reached skill level 4 in Polearms
   638 | D:1      | Reached XP level 3. HP: 27/28 MP: 6/6
  1213 | D:2      | Learned a level 3 spell: Spectral Weapon
  1456 | D:2      | Noticed a phantom
  1689 | D:2      | Found an opulent altar of Gozag.
  2061 | D:2      | Reached XP level 4. HP: 33/34 MP: 7/7
  2284 | D:2      | Killed a phantom
  2284 | D:2      | Reached skill level 5 in Polearms
  2284 | D:2      | Reached XP level 5. HP: 19/41 MP: 3/8
  2579 | D:2      | Found a deep blue altar of Sif Muna.
  2714 | D:2      | HP: 2/41 [orc/+0 war axe (10)]
  2716 | D:2      | Slain by an orc

Skill      XL: |  1  2  3  4 |
---------------+-------------+-----
Dodging        | 3 4 |  4.2
Polearms       | 4 5 |  5.9
Fighting       | 3 |  3.3
Armour         | |  0.6
Spellcasting   | |  2.0
Charms         | |  3.2

Action                   |  1- 3 |  4- 6 || total
-------------------------+-------+-------++-------
Melee: Spear             |   193 |    73 ||   266
 Cast: Infusion          |       |     1 ||     1
  Use: Potion            |       |     1 ||     1
  Eat: Chunk             |     3 |     3 ||     6
Armor: Leather armour    |     8 |       ||     8
       Scale mail        |    28 |    13 ||    41
Dodge: Dodged            |    81 |    33 ||   114
